PIO
CLEVELAND (RK+) GUARDIANS @ MISSOULA OSPREY
09/01/2099
 
TOP OF THE 1ST
Cleveland (Rk+) Guardians batting - Pitching for Missoula Osprey : LHP Tim Furrer
Pitching: LHP Tim Furrer
Batting: SHB Bobby Newman 0-0: Called Strike
0-1: Called Strike
0-2: Ball
1-2: SINGLE (Line Drive, 6D, EV 96.9 MPH)
Batting: LHB Osly Marx 0-0: Ball
Bobby Newman steals 2nd base
1-0: Called Strike
1-1: Ball
2-1: Foul Ball, location: 3SF
2-2: Ball
3-2: Foul Ball, location: 3SF
3-2: Base on Balls
Batting: RHB Mike Barker 0-0: Foul Ball, location: 2F
0-1: Ball
1-1: Ball
2-1: Ball
3-1: Called Strike
3-2: SINGLE (Line Drive, 89S, EV 90.6 MPH)
Bobby Newman to third
Osly Marx to second
Batting: LHB Mike Brown 0-0: DOUBLE (Groundball, 3L, EV 107.5 MPH)
Bobby Newman scores
Osly Marx scores
Mike Barker to third
Batting: RHB Pat Martyak 0-0: Ground out 6-3 (Groundball, 6, EV 81.3 MPH)
Batting: RHB Bobby Vela 0-0: Swinging Strike
0-1: Ball
1-1: Ball
2-1: Ball
3-1: Foul Ball, location: 7LDF
3-2: Foul Ball, location: 7LSF
3-2: Ground out 5-3 (Groundball, 56, EV 73.1 MPH)
Mike Barker scores
Mike Brown to third
Batting: RHB Danny Wheelock 0-0: Called Strike
0-1: Fly out, F8 (Line Drive, 78M, EV 94.4 MPH)
Top of the 1st over - 3 runs, 3 hits, 0 errors, 1 left on base; Cleveland (Rk+) 3 - Missoula 0
BOTTOM OF THE 1ST
Missoula Osprey batting - Pitching for Cleveland (Rk+) Guardians : RHP Matt Mattingly
Pitching: RHP Matt Mattingly
Batting: RHB Nate Van Diepen 0-0: Foul Ball, location: 5F
0-1: Called Strike
0-2: Fly out, F8 (Flyball, 8LXD, EV 85.6 MPH)
Batting: RHB Matt Ades 0-0: Fly out, F9 (Flyball, 9S, EV 89.4 MPH)
Batting: RHB Tom Musgrave 0-0: Called Strike
0-1: Fly out, F6 (Popup, 6MS, EV 75.0 MPH)
Bottom of the 1st over - 0 runs, 0 hits, 0 errors, 0 left on base; Cleveland (Rk+) 3 - Missoula 0
TOP OF THE 2ND
Cleveland (Rk+) Guardians batting - Pitching for Missoula Osprey : LHP Tim Furrer
Batting: RHB Jared Plemmons 0-0: Ball
1-0: Called Strike
1-1: SINGLE (Flyball, 89S, EV 98.8 MPH)
Batting: SHB Ricardo Avila 0-0: Ball
1-0: Ball
2-0: Called Strike
2-1: Foul Ball, location: 3SF
2-2: Ball
3-2: Strikes out looking
Batting: SHB Bobby Newman 0-0: Swinging Strike
0-1: Ball
1-1: TRIPLE (Flyball, 8RXD, EV 88.8 MPH)
Jared Plemmons scores
Batting: LHB Osly Marx 0-0: Called Strike
0-1: Ball
Steal of home, Bobby Newman is safe
1-1: Called Strike
1-2: Foul Ball, location: 5SF
1-2: Foul Ball, location: 7LDF
1-2: Strikes out swinging
Batting: RHB Mike Barker 0-0: Ball
1-0: Ball
2-0: Ball
3-0: Base on Balls
Pitching: RHP Kevin Boles
Batting: LHB Mike Brown 0-0: TRIPLE (Flyball, 78XD, EV 110.6 MPH)
Mike Barker scores
Batting: RHB Pat Martyak 0-0: Called Strike
0-1: Foul Ball, location: 2F
0-2: Ground out 5-3 (Groundball, 56, EV 82.5 MPH)
Top of the 2nd over - 3 runs, 3 hits, 0 errors, 1 left on base; Cleveland (Rk+) 6 - Missoula 0
BOTTOM OF THE 2ND
Missoula Osprey batting - Pitching for Cleveland (Rk+) Guardians : RHP Matt Mattingly
Batting: RHB Mario Mora 0-0: Called Strike
0-1: Ball
1-1: Swinging Strike
1-2: Ball
2-2: SINGLE (Line Drive, 89S, EV 105.0 MPH)
Batting: LHB Ricky Cook 0-0: Called Strike
0-1: Ball
1-1: Ball
2-1: Grounds into double play, 5-4-3 (Groundball, 56, EV 83.1 MPH)
Batting: RHB Josh McGarry 0-0: Called Strike
0-1: Swinging Strike
0-2: Ball
1-2: SINGLE (Groundball, 56S, EV 68.8 MPH) (infield hit)
Batting: RHB Nate Stombaugh 0-0: Ball
1-0: SINGLE (Line Drive, 56D, EV 93.8 MPH)
Josh McGarry to second
Batting: RHB Aaron Sweeney 0-0: Fly out, F9 (Flyball, 9, EV 81.9 MPH)
Bottom of the 2nd over - 0 runs, 3 hits, 0 errors, 2 left on base; Cleveland (Rk+) 6 - Missoula 0
TOP OF THE 3RD
Cleveland (Rk+) Guardians batting - Pitching for Missoula Osprey : RHP Kevin Boles
Batting: RHB Bobby Vela 0-0: Ground out 6-3 (Groundball, 6M, EV 83.1 MPH)
Batting: RHB Danny Wheelock 0-0: Called Strike
0-1: Called Strike
0-2: Ball
1-2: Ball
2-2: Ball
3-2: Fly out, F8 (Line Drive, 8RM, EV 101.9 MPH)
Batting: RHB Jared Plemmons 0-0: Ball
1-0: Fly out, F4 (Popup, 34S, EV 72.5 MPH)
Top of the 3rd over - 0 runs, 0 hits, 0 errors, 0 left on base; Cleveland (Rk+) 6 - Missoula 0
BOTTOM OF THE 3RD
Missoula Osprey batting - Pitching for Cleveland (Rk+) Guardians : RHP Matt Mattingly
Batting: RHB Ramon Naba 0-0: Called Strike
0-1: Fly out, F7 (Line Drive, 78M, EV 101.3 MPH)
Batting: RHB Nate Van Diepen 0-0: Ball
1-0: Ball
2-0: Fly out, F7 (Flyball, 7, EV 75.6 MPH)
Batting: RHB Matt Ades 0-0: Called Strike
0-1: Called Strike
0-2: Ball
1-2: Ball
2-2: Ball
3-2: Foul Ball, location: 2F
3-2: Foul Ball, location: 2LF
3-2: Strikes out looking
Bottom of the 3rd over - 0 runs, 0 hits, 0 errors, 0 left on base; Cleveland (Rk+) 6 - Missoula 0
TOP OF THE 4TH
Cleveland (Rk+) Guardians batting - Pitching for Missoula Osprey : RHP Kevin Boles
Batting: SHB Ricardo Avila 0-0: Called Strike
0-1: Ball
1-1: Foul Ball, location: 2F
1-2: Foul Ball, location: 2F
1-2: Ball
2-2: Strikes out swinging
Batting: SHB Bobby Newman 0-0: Ball
1-0: Ball
2-0: Swinging Strike
2-1: Ground out U3 (Groundball, 3S, EV 82.5 MPH)
Batting: LHB Osly Marx 0-0: Foul Ball, location: 2F
0-1: Foul Ball, location: 25F
0-2: Strikes out swinging, 2-3 out at first.
Top of the 4th over - 0 runs, 0 hits, 0 errors, 0 left on base; Cleveland (Rk+) 6 - Missoula 0
BOTTOM OF THE 4TH
Missoula Osprey batting - Pitching for Cleveland (Rk+) Guardians : RHP Matt Mattingly
Batting: RHB Tom Musgrave 0-0: Ball
1-0: SINGLE (Groundball, 6MD, EV 98.1 MPH)
Batting: RHB Mario Mora 0-0: Fielders Choice at 2nd, 5-4 (Groundball, 5S, EV 85.6 MPH)
Batting: LHB Ricky Cook 0-0: Ball
1-0: Foul Ball, location: 2F
1-1: SINGLE (Line Drive, 4D, EV 98.8 MPH)
Mario Mora to second
Batting: RHB Josh McGarry 0-0: Ball
1-0: Ball
2-0: Ball
3-0: Base on Balls
Mario Mora to third
Ricky Cook to second
Batting: RHB Nate Stombaugh 0-0: Grounds into double play, 3-6-3 (Groundball, 34, EV 83.1 MPH)
Bottom of the 4th over - 0 runs, 2 hits, 0 errors, 2 left on base; Cleveland (Rk+) 6 - Missoula 0
TOP OF THE 5TH
Cleveland (Rk+) Guardians batting - Pitching for Missoula Osprey : RHP Kevin Boles
Batting: RHB Mike Barker 0-0: Ball
1-0: Called Strike
1-1: Called Strike
1-2: Foul Ball, location: 3FF
1-2: Ground out 6-3 (Groundball, 6, EV 88.8 MPH)
Batting: LHB Mike Brown 0-0: Ball
1-0: Ball
2-0: DOUBLE (Flyball, 8RXD, EV 104.4 MPH)
Batting: RHB Pat Martyak 0-0: Ball
1-0: Ball
2-0: Fly out, F6 (Popup, 6S, EV 74.4 MPH)
Batting: RHB Bobby Vela 0-0: Reached on error, E6 (Groundball, 6, EV 98.8 MPH)
Mike Brown scores
Batting: RHB Danny Wheelock 0-0: Ball
1-0: Called Strike
1-1: Ball
2-1: Swinging Strike
2-2: Strikes out swinging
Top of the 5th over - 1 run, 1 hit, 1 error, 1 left on base; Cleveland (Rk+) 7 - Missoula 0
BOTTOM OF THE 5TH
Missoula Osprey batting - Pitching for Cleveland (Rk+) Guardians : RHP Matt Mattingly
Batting: RHB Aaron Sweeney 0-0: Foul Ball, location: 9LSF
0-1: Ball
1-1: Fly out, F8 (Flyball, 8LM, EV 95.6 MPH)
Batting: RHB Ramon Naba 0-0: SINGLE (Groundball, 56D, EV 106.3 MPH)
Batting: RHB Nate Van Diepen 0-0: Ball
1-0: Fly out, F6 (Popup, 6M, EV 70.6 MPH)
Batting: RHB Matt Ades 0-0: Ball
1-0: Called Strike
1-1: Called Strike
Ramon Naba steals 2nd base
1-2: Ball
2-2: Ball
3-2: Base on Balls
Batting: RHB Tom Musgrave 0-0: Ball
1-0: Foul Ball, location: 2RF
1-1: Foul Ball, location: 5F
1-2: Foul Ball, location: 5FF
1-2: Ball
2-2: Foul Ball, location: 7LMF
2-2: 3-RUN HOME RUN (Flyball, 7LD, EV 96.3 MPH), Distance : 339 ft
Batting: RHB Mario Mora 0-0: Fly out, F7 (Flyball, 7S, EV 88.8 MPH)
Bottom of the 5th over - 3 runs, 2 hits, 0 errors, 0 left on base; Cleveland (Rk+) 7 - Missoula 3
TOP OF THE 6TH
Cleveland (Rk+) Guardians batting - Pitching for Missoula Osprey : RHP Kevin Boles
Pitching: RHP Jose Calle
Batting: RHB Jared Plemmons 0-0: Ball
1-0: Ball
2-0: Foul Ball, location: 2F
2-1: Foul Ball, location: 5F
2-2: Ball
3-2: Ground out 6-3 (Groundball, 6, EV 93.8 MPH)
Batting: SHB Ricardo Avila 0-0: Ball
1-0: Foul Ball, location: 3F
1-1: Ball
2-1: Foul Ball, location: 25F
2-2: Ground out 3-1 (Groundball, 34, EV 98.1 MPH)
Batting: SHB Bobby Newman 0-0: Called Strike
0-1: Fly out, F3 (Line Drive, 3L, EV 62.5 MPH)
Top of the 6th over - 0 runs, 0 hits, 0 errors, 0 left on base; Cleveland (Rk+) 7 - Missoula 3
BOTTOM OF THE 6TH
Missoula Osprey batting - Pitching for Cleveland (Rk+) Guardians : RHP Matt Mattingly
Batting: LHB Ricky Cook 0-0: DOUBLE (Line Drive, 9LM, EV 103.8 MPH)
Batting: RHB Josh McGarry 0-0: Called Strike
0-1: Foul Ball, location: 9LDF
0-2: Ball
1-2: Ball
2-2: Fly out, F4 (Popup, 34, EV 64.4 MPH)
Batting: RHB Nate Stombaugh 0-0: Foul Ball, location: 5F
0-1: Ball
1-1: Ball
2-1: SINGLE (Line Drive, 8LS, EV 91.9 MPH)
Ricky Cook to third
Runner from 3rd tries for Home, SAFE, throw by CF to home
Batting: RHB Aaron Sweeney 0-0: Swinging Strike
0-1: Foul Ball, location: 9LSF
0-2: Ball
1-2: DOUBLE (Line Drive, 3D, EV 95.6 MPH)
Nate Stombaugh to third
Runner from 3rd tries for Home, SAFE, throw by RF to home
Pitching: RHP Mike Diehl
Pinch Hitting: RHB John Stringfellow 0-0: Ball
1-0: Called Strike
1-1: Ball
2-1: Fly out, F7 (Line Drive, 7, EV 94.4 MPH)
Batting: RHB Nate Van Diepen 0-0: Fly out, F7 (Flyball, 7, EV 84.4 MPH)
Bottom of the 6th over - 2 runs, 3 hits, 0 errors, 1 left on base; Cleveland (Rk+) 7 - Missoula 5
TOP OF THE 7TH
Cleveland (Rk+) Guardians batting - Pitching for Missoula Osprey : RHP Jose Calle
Now at 1B: Ricky Cook
Now in LF: John Stringfellow
Batting: LHB Osly Marx 0-0: Called Strike
0-1: Ball
1-1: Ball
2-1: Ball
3-1: Fly out, F7 (Flyball, 78S, EV 80.6 MPH)
Batting: RHB Mike Barker 0-0: Ball
1-0: Foul Ball, location: 9LSF
1-1: Swinging Strike
1-2: Ball
2-2: Fly out, F8 (Line Drive, 8RD, EV 85.0 MPH)
Batting: LHB Mike Brown 0-0: Called Strike
0-1: Ball
1-1: Foul Ball, location: 2F
1-2: Ball
2-2: Foul Ball, location: 7LDF
2-2: Strikes out swinging
Top of the 7th over - 0 runs, 0 hits, 0 errors, 0 left on base; Cleveland (Rk+) 7 - Missoula 5
BOTTOM OF THE 7TH
Missoula Osprey batting - Pitching for Cleveland (Rk+) Guardians : RHP Mike Diehl
Batting: RHB Matt Ades 0-0: Ball
1-0: SINGLE (Flyball, 6MD, EV 86.9 MPH)
Batting: RHB Tom Musgrave 0-0: Fly out, F4 (Popup, 23, EV 83.1 MPH)
Batting: RHB Mario Mora 0-0: Ball
1-0: Foul Ball, location: 7LDF
1-1: Ball
2-1: Swinging Strike
2-2: Ball
3-2: Base on Balls
Matt Ades to second
Batting: LHB Ricky Cook 0-0: Called Strike
0-1: Ball
1-1: Foul Ball, location: 3SF
1-2: Strikes out swinging
Batting: RHB Josh McGarry 0-0: Ball
1-0: Foul Ball, location: 5DF
1-1: Foul Ball, location: 9LDF
1-2: Foul Ball, location: 3SF
1-2: DOUBLE (Line Drive, 89M, EV 109.4 MPH)
Matt Ades scores
Mario Mora to third
Pitching: RHP Xavier Brown
Batting: RHB Nate Stombaugh 0-0: Called Strike
0-1: Ball
1-1: Ball
2-1: Called Strike
2-2: Strikes out swinging
Bottom of the 7th over - 1 run, 2 hits, 0 errors, 2 left on base; Cleveland (Rk+) 7 - Missoula 6
TOP OF THE 8TH
Cleveland (Rk+) Guardians batting - Pitching for Missoula Osprey : RHP Jose Calle
Pitching: RHP Brian Day
Batting: RHB Pat Martyak 0-0: Ball
1-0: Ball
2-0: Ball
3-0: Called Strike
3-1: Base on Balls
Batting: RHB Bobby Vela 0-0: Swinging Strike
0-1: Called Strike
0-2: Strikes out looking
Batting: RHB Danny Wheelock 0-0: Called Strike
0-1: Ball
1-1: Called Strike
1-2: Strikes out swinging
Batting: RHB Jared Plemmons 0-0: Called Strike
0-1: SINGLE (Groundball, 6M, EV 81.9 MPH) (infield hit)
Pat Martyak to second
Pinch Runner at 2nd Johnny Heffernan:
Batting: SHB Ricardo Avila 0-0: Foul Ball, location: 3FF
0-1: Ball
1-1: Fly out, F7 (Flyball, 7, EV 94.4 MPH)
Top of the 8th over - 0 runs, 1 hit, 0 errors, 2 left on base; Cleveland (Rk+) 7 - Missoula 6
BOTTOM OF THE 8TH
Missoula Osprey batting - Pitching for Cleveland (Rk+) Guardians : RHP Xavier Brown
Now at 3B: Greg Halcomb
Batting: RHB Aaron Sweeney 0-0: Called Strike
0-1: Foul Ball, location: 5F
0-2: Strikes out swinging
Batting: RHB John Stringfellow 0-0: Ball
1-0: Ball
2-0: Called Strike
2-1: Foul Ball, location: 2F
2-2: Ball
3-2: Fly out, F7 (Flyball, 78S, EV 98.8 MPH)
Batting: RHB Nate Van Diepen 0-0: Called Strike
0-1: SINGLE (Line Drive, 7S, EV 100.0 MPH)
Batting: RHB Matt Ades 0-0: Ground out 6-3 (Groundball, 56S, EV 78.8 MPH)
Bottom of the 8th over - 0 runs, 1 hit, 0 errors, 1 left on base; Cleveland (Rk+) 7 - Missoula 6
TOP OF THE 9TH
Cleveland (Rk+) Guardians batting - Pitching for Missoula Osprey : RHP Brian Day
Batting: SHB Bobby Newman 0-0: Ball
1-0: Foul Ball, location: 2F
1-1: Called Strike
1-2: Foul Ball, location: 7LSF
1-2: SINGLE (Line Drive, 7S, EV 98.1 MPH)
Batting: LHB Osly Marx 0-0: Ball
1-0: Ball
2-0: Called Strike
2-1: Fielders Choice at 2nd, 4-6 (Groundball, 4S, EV 86.3 MPH)
Batting: RHB Mike Barker 0-0: Called Strike
0-1: Called Strike
0-2: Strikes out swinging
Osly Marx steals 2nd base
Batter strikes out.
Batting: LHB Mike Brown 0-0: Intentional Walk
Batting: RHB Greg Halcomb 0-0: Called Strike
0-1: Called Strike
0-2: Strikes out swinging
Top of the 9th over - 0 runs, 1 hit, 0 errors, 2 left on base; Cleveland (Rk+) 7 - Missoula 6
BOTTOM OF THE 9TH
Missoula Osprey batting - Pitching for Cleveland (Rk+) Guardians : RHP Xavier Brown
Pitching: RHP Bobby Quinn
Batting: RHB Tom Musgrave 0-0: Ground out 5-3 (Groundball, 5L, EV 103.8 MPH)
Batting: RHB Mario Mora 0-0: Fly out, F9 (Flyball, 9D, EV 81.3 MPH)
Batting: LHB Ricky Cook 0-0: Ball
1-0: Foul Ball, location: 2F
1-1: Fly out, F8 (Flyball, 8LM, EV 78.8 MPH)
Bottom of the 9th over - 0 runs, 0 hits, 0 errors, 0 left on base; Cleveland (Rk+) 7 - Missoula 6
Thursday, May 16th , 2024 - OOTP Baseball 24.11 Build 85